 Dungeon Crawl Stone Soup version 0.29-a0-352-g0917bc69df (webtiles) character file.

Game seed: 6459067037972294935

2 benadryl the Magician (level 1, 0/15 HPs)
             Began as a Djinni Fire Elementalist on Apr 23, 2022.
             Hit by a stone thrown by a kobold (1 damage)
             ... on level 1 of the Dungeon.
             The game lasted 00:00:29 (31 turns).

benadryl the Magician (Djinni Fire Elementalist)      Turns: 31, Time: 00:00:30

Health: 0/15       AC:  2    Str:  7    XL:     1   Next: 44%
Gold:   0          EV: 12    Int: 16    God:
                   SH:  0    Dex: 13

rFire   + + .      SeeInvis .   (no weapon)
rCold   x . .      Faith    .   (no shield)
rNeg    . . .      Spirit   .   a - +0 robe
rPois   ∞          Reflect  .   (no helmet)
rElec   .          Harm     .   (no cloak)
rCorr   .          Rampage  .   (no gloves)
Will    .....                   (boots unavailable)
Stlth   ++........              (no amulet)
HPRegen 0.05/turn               (no ring)
MPRegen 0.00/turn               (no ring)

@: flying
A: sickness immunity, fire resistance 2, cold vulnerability 1, float, innate
caster, HP casting, extra vitality 1
a: no special abilities


You were on level 1 of the Dungeon.
You visited 1 branch of the dungeon, and saw 1 of its levels.

Inventory:

Armour
 a - a +0 robe (worn)


   Skills:
 + Level 0.2 Fighting
 - Level 2.1 Dodging
 - Level 1.5 Stealth
 * Level 2.5 Spellcasting


You couldn't memorise any spells.
You knew the following spells:

 Your Spells              Type           Power      Damage    Failure   Level
a - Foxfire               Conj/Fire      40%        2x1d6     7%          1
b - Scorch                Fire           20%        2d6       11%         2
c - Conjure Flame         Conj/Fire      10%        6-21      22%         3
d - Inner Flame           Hex/Fire       10%        N/A       22%         3
e - Flame Wave            Conj/Fire      10%        2d5       56%         4
Your spell library was empty.

Dungeon Overview and Level Annotations

Branches:
Dungeon (1/15)

Altars:


Innate Abilities, Weirdness & Mutations

You are immune to sickness and miasma.
You are immune to poison.
Your flesh is very heat resistant. (rF++)
You are vulnerable to cold. (rC-)
You float through the air rather than walking.
You learn spells naturally, not from books.
Your magical power is your life essence.
You have superior vitality. (+4 MHP)


Message History

The foxfire hits the endoplasm.
You kill the endoplasm!
A kobold is nearby!
Your foxfire dissipates!
Casting: Foxfire (safe; 7% risk of failure)
Confirm with . or Enter, or press ? or * to list all spells.
Okay, then.
Casting: Foxfire (safe; 7% risk of failure)
Confirm with . or Enter, or press ? or * to list all spells.
You aren't experienced enough to cast this spell.
The kobold shouts!
The kobold throws a stone.
The stone misses you.
Casting: Foxfire (safe; 7% risk of failure)
Confirm with . or Enter, or press ? or * to list all spells.
You miscast Foxfire.
You are very lightly contaminated with residual magic.
Nothing appears to happen.
The kobold throws a stone.
The stone hits you but does no damage.
A ball python comes into view.
The kobold throws a stone.
The stone misses you.
The kobold hits you with a +0 short sword.
* * * LOW HITPOINT WARNING * * *
Casting: Foxfire (safe; 7% risk of failure)
Confirm with . or Enter, or press ? or * to list all spells.
You conjure some foxfire!
The ball python hisses angrily.
* * * LOW HITPOINT WARNING * * *
The kobold misses you.
The foxfire hits the ball python.
You kill the ball python!
The foxfire hits the kobold.
The kobold is moderately wounded.
The kobold throws a stone.
The stone barely misses you.
Casting: Foxfire (safe; 7% risk of failure)
Confirm with . or Enter, or press ? or * to list all spells.
You don't have enough health to cast this spell.
The kobold throws a stone.
The stone closely misses you.
Your magical contamination has completely faded away.
The kobold throws a stone.
The stone hits you but does no damage.
The kobold throws a stone.
The stone hits you.
You die...

#. ##... ###
#.##...###.# #.#
#....#...... #>#
##(.K..# #<#
#.....####. #.#
#..........#
#.####.......####
#.#.###.......##
#...##@........#
###.###.......##
#...........#
#####.....#.#
.........#
#.##......... #
#...##..## #..[.
..# #...#. .#


You could see a kobold.

Vanquished Creatures
  An endoplasm (D:1)
  A ball python (D:1)
  A bat (D:1)
3 creatures vanquished.

Vanquished Creatures (others)
  6 foxfires (D:1)
6 creatures vanquished.

Grand Total: 9 creatures vanquished

Notes
Turn   | Place    | Note
-------+----------+-------------------------------------------
     0 | D:1      | benadryl the Djinni Fire Elementalist began the quest for
                  | the Orb.
     0 | D:1      | Reached XP level 1. HP: 15/15 MP: 0/0
    31 | D:1      | Hit by a stone thrown by a kobold

Illustrated notes

Levels and vault maps discovered:
D:1:      dpeg_arrival_tiny_j, layout_loops_ring,
          shapermc_ecumenical_altar_mp_urbaneastern

Action                   || total
-------------------------++-------
 Cast: Foxfire           ||     4
Armor: Robe              ||     2
Dodge: Dodged            ||     5

Table legend: (Time is in decaauts)
 A = Elapsed time spent in this place.
 B = Non-inter-level travel time spent in this place.
 C = Inter-level travel time spent in this place.
 D = Time resting spent in this place.
 E = Time spent auto-exploring this place.
 F = Levels seen in this place.
 G = Mean time per level.
                   A        B        C        D        E       F      G
               +--------+--------+--------+--------+--------+-----+--------+
         Total |     31 |     31 |      0 |      0 |      9 |   1 |   31.0 |
       Dungeon |     31 |     31 |      0 |      0 |      9 |   1 |   31.0 |
               +--------+--------+--------+--------+--------+-----+--------+

Top non-repeatable levels by time:
     D:1: 31 daAuts
